 Dungeon Crawl Stone Soup version 0.20-a0-640-g62ed22f (webtiles) character file.

203 tehllama the Magician (level 5, -1/28 HPs)
             Began as a Deep Elf Wizard on Feb 13, 2017.
             Was an Initiate of Fedhas.
             Slain by an iguana (10 damage)
             ... on level 5 of the Dungeon.
             The game lasted 00:18:52 (3552 turns).

tehllama the Magician (Deep Elf Wizard)             Turns: 3552, Time: 00:18:52

Health: -1/28      AC:  3    Str:  4    XL:     5   Next: 51%
Magic:  16/16      EV: 13    Int: 24    God:    Fedhas [......]
Gold:   75         SH:  0    Dex: 13    Spells: 7/17 levels left

rFire    . . .     SeeInvis .   f - +0 dagger
rCold    . . .     Gourm    .   a - +0 robe
rNeg     . . .     Faith    .   (no shield)
rPois    +         Spirit   .   b - +0 hat
rElec    .         Reflect  .   (no cloak)
rCorr    .         Harm     .   h - +0 pair of gloves
MR       .....                  (no boots)
Stlth    ++........             (no amulet)
Regen    0.1/turn               A - ring of poison resistance
MPRegen  0.2/turn               y - ring of wizardry

@: no status effects
A: no striking features
a: Fungal Bloom, Renounce Religion


You were on level 5 of the Dungeon.
You worshipped Fedhas.
Fedhas was noncommittal.
You were not hungry.

You visited 1 branch of the dungeon, and saw 4 of its levels.

You collected 75 gold pieces.

Inventory:

Hand Weapons
 d - a +0 hand axe
 f - a +0 dagger (weapon)
 i - a +0 dagger
 j - a +0 club
 k - a +0 dagger
 s - a +0 club
 v - a +0 club
Missiles
 e - 29 arrows
 q - 9 tomahawks (quivered)
 t - 44 bolts
Armour
 a - a +0 robe (worn)
 b - a +0 hat (worn)
 h - a +0 pair of gloves (worn)
 l - a +0 leather armour
Jewellery
 y - a ring of wizardry (left hand)
 A - a ring of poison resistance (right hand)
Scrolls
 n - a scroll of random uselessness {unknown}
 o - a scroll of amnesia {unknown}
 p - 5 scrolls of identify {unknown}
 r - a scroll of teleportation {unknown}
 w - a scroll of remove curse {unknown}
 x - a scroll of noise {unknown}
 B - a scroll of fog {unknown}
 C - a scroll of enchant weapon {unknown}
 D - 3 scrolls of immolation {unknown}
Potions
 z - a potion of flight {unknown}
Books
 c - a book of Minor Magic

   Spells                             Type                      Level
   a - Magic Dart                     Conjuration                  1
   b - Blink                          Translocation                2
   c - Call Imp                       Summoning                    2
   d - Slow                           Hexes                        2
   e - Conjure Flame                  Conjuration/Fire             3
   f - Mephitic Cloud                 Conjuration/Poison/Air       3
Comestibles
 g - 8 fruits
 m - a royal jelly
 u - 3 meat rations


   Skills:
 + Level 0.4 Fighting
 + Level 0.8 Throwing
 + Level 3.4 Dodging
 + Level 2.8 Stealth
 + Level 6.6 Spellcasting
 + Level 3.1 Conjurations
 + Level 1.1 Summonings
 + Level 1.1 Translocations


You had 7 spell levels left.
You knew the following spells:

 Your Spells              Type           Power        Failure   Level  Hunger
a - Magic Dart            Conj           ###.         1%          1    None
b - Call Imp              Summ           ##......     4%          2    None
c - Blink                 Tloc           N/A          4%          2    None
d - Conjure Flame         Conj/Fire      ###.....     6%          3    None
e - Slow                  Hex            #.......     4%          2    None


Dungeon Overview and Level Annotations

Branches:
Dungeon (5/15)
 Temple: D:4-7

Altars:
Ashenzari
Fedhas
Xom

Annotations:
D:4 Snicker's ghost, amateur DsAs


Message History

Aiming: Magic Dart
Press: ? - help, Shift-Dir - straight line, f/p - iguana
Aim: an iguana (moderately wounded)
The magic dart hits the iguana.
The iguana is heavily wounded.
The iguana bites you!
Ouch! That really hurt!
* * * LOW HITPOINT WARNING * * *
There is an open door here.
There is an open door here.
The iguana barely misses you.
There is an open door here.
The iguana misses you. The iguana closely misses you. The iguana misses you.
You open the door.
There is an open door here.
The iguana bites you!
You die...
Fedhas appreciates your contribution to the ecosystem.

.....########....##....#
######....###....##....###
..#......................#
..'......................#
..#......................+
..############...##......#
..###........#+####......####+#
....#........#....#............
....'........#..@l'............
....#........#....#............
..#..........#..###..##..##.##.
..############## #####..# .#
...# ..... . ...# ...... . ...#
....... ...# ........ ...#


You could see an iguana.

Vanquished Creatures
  A hound (D:5)
  2 bullfrog skeletons (D:5)
  2 worker ants (D:4)
  3 adders
  An orc (D:4)
  6 bats (D:1)
  8 giant cockroaches
  3 hobgoblins (D:1)
  8 jackals
  A quokka (D:5)
  3 frilled lizards (D:1)
  4 goblins (D:1)
  A quokka skeleton (D:4)
  3 rats (D:1)
46 creatures vanquished.

Vanquished Creatures (others)
  11 toadstools
11 creatures vanquished.

Grand Total: 57 creatures vanquished

Notes
Turn   | Place    | Note
-------+----------+-------------------------------------------
     0 | D:1      | tehllama the Deep Elf Wizard began the quest for the Orb.
     0 | D:1      | Reached XP level 1. HP: 10/10 MP: 7/7
   349 | D:1      | Reached XP level 2. HP: 12/15 MP: 1/9
   365 | D:1      | Learned a level 2 spell: Call Imp
   493 | D:1      | Reached skill level 5 in Spellcasting
   791 | D:2      | Reached XP level 3. HP: 11/19 MP: 5/11
  1163 | D:2      | Found a blossoming altar of Fedhas.
  1172 | D:2      | Became a worshipper of Fedhas Madash
  1211 | D:2      | You fall through a shaft for 2 floors!
  1698 | D:4      | Reached XP level 4. HP: 1/24 MP: 1/13
  1979 | D:4      | Learned a level 2 spell: Blink
  1983 | D:4      | Learned a level 3 spell: Conjure Flame
  1986 | D:4      | Learned a level 2 spell: Slow
  2155 | D:4      | Found a shattered altar of Ashenzari.
  2219 | D:4      | Reached skill level 6 in Spellcasting
  2503 | D:4      | Noticed Snicker's ghost (amateur DsAs)
  2519 | D:5      | Entered Level 5 of the Dungeon
  2885 | D:5      | Found a shimmering altar of Xom.
  2886 | D:5      | Found a shimmering altar of Xom.
  2886 | D:5      | Found a shimmering altar of Xom.
  2889 | D:5      | Found a shimmering altar of Xom.
  2890 | D:5      | Found a shimmering altar of Xom.
  2903 | D:5      | Found a shimmering altar of Xom.
  2950 | D:5      | Reached XP level 5. HP: 28/28 MP: 9/15
  3552 | D:5      | Slain by an iguana

Vault maps used:
D:1:      nagdon_arrival_double_spiral
D:2:      fedhas_altar_fruit_tree, first_bread
D:4:      old_standard_altar
D:5:      xom_redecorated, temple_green, corexii_leaking_fountain

Skill      XL: |  1  2  3  4  5 |
---------------+----------------+-----
Spellcasting   | 5 6 |  6.6
Dodging        | 3 |  3.4
Conjurations   | 2 3 |  3.1
Fighting       | |  0.4
Throwing       | |  0.8
Stealth        | |  2.8
Summonings     | |  1.1
Translocations | |  1.1

Action                   |  1- 3 |  4- 6 || total
-------------------------+-------+-------++-------
Melee: Dagger            |    14 |     1 ||    15
Throw: Tomahawk          |     5 |       ||     5
 Cast: Magic Dart        |    84 |    68 ||   152
Invok: Fungal Bloom      |     3 |     4 ||     7
  Use: Potion            |     2 |     1 ||     3
       Scroll            |     1 |       ||     1
  Eat: Bread ration      |     1 |     1 ||     2
       Fruit             |     1 |       ||     1
Armor: Robe              |     5 |     5 ||    10
Dodge: Dodged            |    28 |    22 ||    50
